 Dungeon Crawl Stone Soup version 0.31.0-10-gcf4a605ca0 (webtiles) character file.

Game seed: 8675653555413504750

522 Sweeb the Ruffian (level 7, 0/45 HPs)
             Began as an Octopode Shapeshifter on Jan 26, 2024.
             Slain by Eustachio
             ... wielding a +2 antimagic falchion
              (12 damage)
             ... on level 4 of the Dungeon.
             The game lasted 00:05:33 (3704 turns).

Sweeb the Ruffian (Octopode Shapeshifter)           Turns: 3704, Time: 00:05:34

Health: 0/45       AC:  1    Str: 16    XL:     7   Next: 22%
Magic:  0/7        EV: 13    Int: 12    God:
Gold:   164        SH:  0    Dex: 11    Spells: 6/6 levels left

rFire   . .          .
                       - Unarmed
rCold   . . .        (no shield)
rNeg    . . .        (helmet currently unavailable)
rPois   .            (no amulet)
rElec   .            h - ring of see invisible
rCorr   .            (no ring)
SInv    +            (no ring)
Will    .....        (no ring)
Stlth   +++          (no ring)
HPRegen 0.27/turn    (no ring)
MPRegen 0.10/turn    (no ring)
                     (no ring)

%: no passive effects
@: beast-form
A: beast (slay +2), almost no armour, amphibious, 8 rings, camouflage 1,
gelatinous body 1, (nimble swimmer 1), tentacles
a: Begin Untransformation


You were on level 4 of the Dungeon.
You were a hulking beast.
You visited 1 branch of the dungeon, and saw 4 of its levels.

You collected 164 gold pieces.

Inventory:

Jewellery
 g - a ring of fire
 h - a ring of see invisible (left tentacle)
Talismans
 b - a beast talisman
 c - a flux talisman
 i - a blade talisman
Wands
 a - a wand of quicksilver (4)
Scrolls
 l - a scroll of enchant armour {unknown}
 m - a scroll of teleportation {unknown}
 o - a scroll of enchant weapon {unknown}
 p - a scroll of revelation {unknown}
 q - a scroll of fog {unknown}
Potions
 d - 6 potions of cancellation
 e - a potion of heal wounds {unknown}
 f - 2 potions of curing
 j - a potion of enlightenment {unknown}
 k - 2 potions of resistance {unknown}
 n - a potion of mutation {unknown}


   Skills:
 + Level 2.8 Fighting
 + Level 3.3 Dodging
 + Level 3.5 Stealth
 * Level 5.0 Unarmed Combat
 * Level 4.6 Shapeshifting


You had 6 spell levels left.
You didn't know any spells.
Your spell library contained the following spells:

 Spells                   Type           Power      Damage    Failure   Level
 Gell's Gravitas          Tloc           0%         N/A       69%         3
 Teleport Other           Tloc           0%         N/A       69%         3
 Dispersal                Tloc           0%         N/A       100%        6


Dungeon Overview and Level Annotations

Branches:
Dungeon (4/15)
 Temple: D:4-7

Altars:
Sif Muna
Wu Jian
Xom

Annotations:
D:4 Eustachio


Innate Abilities, Weirdness & Mutations

You are a hulking beast.
Your limbs bulge with bestial killing power. (Slay +2)
You cannot wear most types of armour.
You are amphibious.
You can wear up to eight rings at the same time.
Your skin changes colour to match your surroundings (Stealth+).
Your rubbery body absorbs attacks. (AC +1, EV +1)
((You are camouflaged when in or above water. (Stealth+)))
You have tentacles for arms and can constrict up to eight enemies at once.


Message History

The orc wizard flickers and vanishes for a moment.
The orc priest completely misses you.
You bludgeon the orc priest!
You kill the orc priest!
You bludgeon the orc wizard! You grab the orc wizard.
The orc wizard is heavily wounded.
You constrict the orc wizard.
The orc wizard hits you with a +0 dagger.
You tentacle-slap the orc wizard.
The orc wizard is almost dead.
You constrict the orc wizard.
The orc wizard points at you and mumbles some strange words.
You resist with some effort.
You tentacle-slap the orc wizard.
You kill the orc wizard!
Your Unarmed Combat skill increases to level 5!
You closely miss Eustachio. You grab Eustachio. You constrict Eustachio.
Eustachio hits you with a +2 antimagic falchion.
You feel your power leaking away.
You bludgeon Eustachio! You squeeze Eustachio!
Eustachio is heavily wounded.
You constrict Eustachio.
Eustachio casts a spell.
Eustachio struggles to blink free from constriction.
You tentacle-slap Eustachio but do no damage.
Eustachio is heavily wounded.
You constrict Eustachio. You bludgeon Eustachio!
Eustachio is severely wounded.
You constrict Eustachio, but do no damage.
Eustachio hits you with a +2 antimagic falchion!
* * * LOW HITPOINT WARNING * * *
You feel your power leaking away.
You bludgeon Eustachio!
Eustachio is almost dead.
You constrict Eustachio.
The crimson imp disappears in a puff of smoke!
Eustachio hits you with a +2 antimagic falchion!
You die...
Eustachio says, "Such is the fate of all honourless rascals."

....)# #...#
#.#####..##..#... .....#
#...# #. #..........
.....# #...#
#.#####..##..#... .....#
##### ............#...
.....# ######..##......
.....# #..##.....# >....#
#..##.#.#..
##############..##.#.#.#
.....ยง@h).......##.#.#.#
###############.##.#.#.#
#.##.#.#.# #.##.#....
.##.#.#.. .##.#.###
.##.#.# #####


You could see Eustachio.

Vanquished Creatures
  Menkaure (D:4)
  3 orc priests (D:4)
  A sleepcap (D:3)
  A gnoll bouda (D:4)
  An iguana (D:4)
  An orc wizard (D:4)
  10 gnolls
  An adder (D:2)
  2 ribbon worms (D:2)
  5 dart slugs
  4 orcs (D:4)
  3 endoplasms
  3 giant cockroaches
  7 goblins
  3 hobgoblins
  10 jackals
  9 kobolds
  4 quokkas
  5 ball pythons
  10 bats
  9 frilled lizards
  6 rats
99 creatures vanquished.

Notes
Turn   | Place    | Note
-------+----------+-------------------------------------------
     0 | D:1      | Sweeb the Octopode Shapeshifter began the quest for the
                  | Orb.
     0 | D:1      | Reached XP level 1. HP: 13/13 MP: 1/1
   163 | D:1      | Reached XP level 2. HP: 17/18 MP: 2/2
   590 | D:1      | Reached skill level 1 in Stealth
   708 | D:2      | Reached XP level 3. HP: 17/23 MP: 3/3
  1058 | D:2      | Found an ornate altar of the Wu Jian Council.
  1346 | D:2      | Reached XP level 4. HP: 22/29 MP: 4/4
  2400 | D:3      | Reached XP level 5. HP: 13/34 MP: 5/5
  2842 | D:4      | Reached skill level 4 in Unarmed Combat
  3015 | D:4      | Noticed Menkaure
  3040 | D:4      | Killed Menkaure
  3041 | D:4      | Reached XP level 6. HP: 4/41 MP: 6/6
  3392 | D:4      | Found a shimmering blue altar of Sif Muna.
  3407 | D:4      | Found a shimmering altar of Xom.
  3472 | D:4      | Reached XP level 7. HP: 45/45 MP: 7/7
  3686 | D:4      | Noticed Eustachio
  3700 | D:4      | Reached skill level 5 in Unarmed Combat
  3704 | D:4      | Slain by Eustachio

Illustrated notes

Levels and vault maps discovered:
D:1:      scummos_arrival_gate, layout_basic
D:2:      minmay_chambers_of_twos, layout_basic, basic_altar
D:3:      layout_loops_cross, minmay_misc_feat_rows
D:4:      layout_basic, mainiacjoe_overflow_catwalk_spiral, uniq_menkaure,
          uniq_eustachio

Skill      XL: |  1  2  3  4  5  6  7 |
---------------+----------------------+-----
Stealth        | 1 2 3 |  3.5
Fighting       | 2 |  2.8
Unarmed Combat | 4 5 |  5.0
Dodging        | 3 |  3.3
Shapeshifting  | 4 |  4.6

Action                     |  1- 3 |  4- 6 |  7- 9 || total
---------------------------+-------+-------+-------++-------
  Melee: Unarmed           |    75 |   107 |    23 ||   205
         Constrict         |    19 |    30 |     6 ||    55
         Tentacles         |    12 |    27 |     4 ||    43
         Punch             |     1 |     2 |       ||     3
    Use: Scroll            |     2 |     2 |       ||     4
         Potion            |       |     3 |       ||     3
   Stab: Sleeping          |     9 |     7 |       ||    16
 Armour: Skin              |    38 |    35 |    10 ||    83
  Dodge: Dodged            |    58 |    42 |    13 ||   113
